 Dungeon Crawl Stone Soup version 0.27.1-34-g3ba077fa99 (webtiles) character file.

Game seed: 2428300810847919742

7 boopmooplesden the Covered (level 1, 0/20 HPs)
             Began as a Minotaur Fighter on Jan 2, 2022.
             Slain by a frilled lizard (1 damage)
             ... on level 1 of the Dungeon.
             The game lasted 00:00:17 (117 turns).

boopmooplesden the Covered (Minotaur Fighter)        Turns: 117, Time: 00:00:17

Health: 0/20       AC:  7    Str: 20    XL:     1   Next: 83%
Magic:  0/0        EV:  7    Int:  5    God:
Gold:   0          SH:  9    Dex:  9    Spells: 0/0 levels left

rFire    . . .     SeeInvis .   a - +0 flail
rCold    . . .     Faith    .   c - +0 kite shield
rNeg     . . .     Spirit   .   b - +0 scale mail
rPois    .         Reflect  .   (helmet restricted)
rElec    .         Harm     .   (no cloak)
rCorr    .         Rampage  .   (no gloves)
Will     .....                  (no boots)
Stlth    ..........             (no amulet)
HPRegen  0.06/turn              (no ring)
MPRegen  0.07/turn              (no ring)

@: no status effects
A: horns 2, retaliatory headbutt
a: no special abilities


You were on level 1 of the Dungeon.
You visited 1 branch of the dungeon, and saw 1 of its levels.

Inventory:

Hand Weapons
 a - a +0 flail (weapon)
Armour
 b - a +0 scale mail (worn)
 c - a +0 kite shield (worn)
Potions
 d - a potion of might
 e - a potion of attraction {unknown}


   Skills:
 + Level 3.7 Fighting
 + Level 2.4 Maces & Flails
 + Level 3.9 Armour
 + Level 3.8 Shields


You couldn't memorise any spells.
You didn't know any spells.
Your spell library was empty.

Dungeon Overview and Level Annotations

Branches:
Dungeon (1/15)

Altars:


Innate Abilities, Weirdness & Mutations

You have a pair of horns on your head.
You reflexively headbutt those who attack you in melee.


Message History

You kill the hobgoblin!
You block the ball python's attack. The ball python grabs you.
The ball python constricts you. The kobold hits you but does no damage.
The ball python bites you. The ball python constricts you.
A frilled lizard comes into view.
You escape the ball python's grasp.
You block the kobold's attack. You block the rat's attack.
The ball python barely misses you. You furiously retaliate!
You headbutt the ball python. You block the ball python's attack.
You see here a hobgoblin corpse.
You block the kobold's attack. You block the rat's attack.
You block the ball python's attack. x2
You hit the kobold but do no damage. You block the ball python's attack.
The ball python barely misses you. The kobold barely misses you.
You block the rat's attack. The ball python bites you.
The ball python barely misses you. The kobold hits you but does no damage.
The rat bites you but does no damage.
You closely miss the kobold. You headbutt the kobold.
The kobold is moderately wounded.
The ball python bites you. You block the ball python's attack.
The frilled lizard bites you. The kobold closely misses you. The rat bites you.
The ball python barely misses you. You furiously retaliate!
You headbutt the ball python.
You kill the ball python!
You closely miss the kobold. Your headbutt misses the kobold.
The kobold is moderately wounded.
The frilled lizard bites you. The kobold hits you with a +0 club.
The rat bites you.
The frilled lizard bites you but does no damage.
The kobold hits you with a +0 club.
* * * LOW HITPOINT WARNING * * *
The rat bites you.
* * * LOW HITPOINT WARNING * * *
You miss the frilled lizard.
The frilled lizard bites you but does no damage.
The kobold hits you but does no damage. The rat bites you but does no damage.
Your shield and scale mail prevent you from hitting the rat.
You block the frilled lizard's attack. You block the kobold's attack.
The rat bites you but does no damage. The frilled lizard bites you.
You die...

#..# ##.# #..........
##.# ..........
##.##### #..(.....
##.....#######.......
.....#.##..........##
..............#.....#
........##.####.r...#
...............†@...#
...............K.l..#
.......########.....#
..>....# .........
......... ##.......#
......[### #.##..#...
.......# #.. .####.
.......# #.. ##
.......#


You could see a kobold, a frilled lizard and a rat.

Vanquished Creatures
  A ball python (D:1)
  A bat (D:1)
  A giant cockroach (D:1)
  2 hobgoblins (D:1)
5 creatures vanquished.

Notes
Turn   | Place    | Note
-------+----------+-------------------------------------------
     0 | D:1      | boopmooplesden the Minotaur Fighter began the quest for the
                  | Orb.
     0 | D:1      | Reached XP level 1. HP: 19/19 MP: 0/0
   115 | D:1      | HP: 1/20 [rat (2)]
   117 | D:1      | Slain by a frilled lizard

Illustrated notes

Levels and vault maps discovered:
D:1:      dpeg_arrival_rooms_with_view, layout_rooms, minivault_23

Action                   || total
-------------------------++-------
Melee: Flail             ||    10
       Headbutt          ||     1
Armor: Scale mail        ||    13
Dodge: Dodged            ||    10
Block: Kite shield       ||    14
